 Dungeon Crawl Stone Soup version 0.29-a0-886-gfb1a3fa8b1 (webtiles) character file.

Game seed: 7958720128071505946

16991 Ijustatesigmund the Geomancer (level 12, -2/78 HPs)
             Began as an Octopode Earth Elementalist on July 21, 2022.
             Was a Priest of Cheibriados.
             Slain by a five-headed hydra (13 damage)
             ... on level 13 of the Dungeon.
             The game lasted 00:38:20 (21550 turns).

Ijustatesigmund the Geomancer (OpEE)               Turns: 21550, Time: 00:38:21

Health: -2/78      AC:  3    Str: 28    XL:     12   Next: 43%
Magic:  12/24      EV: 16    Int: 37    God:    Cheibriados [***...]
Gold:   1124       SH: 12    Dex: 26    Spells: 17/27 levels left

rFire   + . .      SeeInvis +   n - +3 flail (protect)
rCold   . . .      Faith    .   w - +1 buckler
rNeg    . . .      Spirit   .   J - +2 hat
rPois   .          Reflect  +   f - amulet of reflection
rElec   .          Harm     .   b - +6 ring of strength
rCorr   .          Rampage  .   h - ring "Veasawu" {rC+ Str+4 Dex+3 Slay+4}
Will    .....      Clarity  +   E - ring of see invisible
Stlth   +++++.....              m - ring of Resout {rF+ rC- Str+3 Dex+3}
HPRegen 0.23/turn               x - +6 ring of intelligence
MPRegen 0.19/turn               (no ring)
                                (no ring)
                                (no ring)

@: very slow
A: almost no armour, amphibious, 8 rings, camouflage 1, gelatinous body 1,
(nimble swimmer 1), tentacles, clarity, MP-powered wands
a: Renounce Religion, Bend Time, Temporal Distortion


You were on level 13 of the Dungeon.
You worshipped Cheibriados.
Cheibriados was most pleased with you.
You visited 1 branch of the dungeon, and saw 13 of its levels.

You collected 1635 gold pieces.
You spent 511 gold pieces at shops.

Inventory:

Hand Weapons
 c - a +4 long sword
 n - a +3 flail of protection (weapon)
 z - a +0 scimitar of flaming
Armour
 w - a +1 buckler (worn)
 J - a +2 hat (worn)
Magical Staves
 r - a staff of death
Jewellery
 b - a +6 ring of strength (left tentacle)
 f - an amulet of reflection (around mantle)
 h - the ring "Veasawu" (right tentacle) {rC+ Str+4 Dex+3 Slay+4}
   (You acquired it on level 2 of the Dungeon)

   [ring of slaying]

   Str:       It affects your strength (+4).
   Dex:       It affects your dexterity (+3).
   Slay:      It affects your accuracy & damage with ranged weapons and melee
   (+4).
   rC:        It protects you from cold.
 m - the ring of Resout (on tentacle) {rF+ rC- Str+3 Dex+3}
   (You found it on level 10 of the Dungeon)

   [ring of protection from fire]

   Str:       It affects your strength (+3).
   Dex:       It affects your dexterity (+3).
   rF:        It protects you from fire.
   rC:        It makes you vulnerable to cold.
 x - a +6 ring of intelligence (on tentacle)
 D - the ring "Laitib" {Ice SInv}
   (You found it on level 11 of the Dungeon)

   [ring of ice]

   It enhances your ice magic.
   rF:        It makes you vulnerable to fire.
   rC:        It protects you from cold.
   SInv:      It lets you see invisible.
 E - a ring of see invisible (on tentacle)
Wands
 t - a wand of polymorph (9)
 A - a wand of quicksilver (3)
 C - a wand of flame (38)
 G - a wand of roots (12)
 I - a wand of charming (10)
Scrolls
 g - a scroll of fear
 p - 4 scrolls of immolation
 q - 8 scrolls of magic mapping
 u - 3 scrolls of amnesia
 y - a scroll of poison
 B - 3 scrolls of teleportation
 F - 2 scrolls of identify
Potions
 a - 3 potions of magic
 d - 2 potions of resistance
 e - 2 potions of attraction
 i - 2 potions of brilliance
 j - 2 potions of berserk rage
 k - 2 potions of flight
 l - a potion of might
 o - a potion of mutation
 s - 2 potions of lignification
 K - 3 potions of curing
 L - a potion of invisibility


   Skills:
 + Level 5.9 Fighting
 - Level 4.0 Maces & Flails
 - Level 4.6 Dodging
 - Level 5.0 Stealth
 - Level 2.3 Shields
 + Level 8.2 Spellcasting
 + Level 9.0 Conjurations
 + Level 7.4 Transmutations
 + Level 9.3 Earth Magic
 + Level 5.9 Invocations


You had 17 spell levels left.
You knew the following spells:

 Your Spells              Type           Power      Damage    Failure   Level
a - Sandblast             Erth           100%       2d20      1%          1
b - Stone Arrow           Conj/Erth      100%       3d13      1%          3
c - Passwall              Tmut/Erth      55%        N/A       1%          2
d - Petrify               Tmut/Erth      67%        N/A       1%          4

Your spell library contained the following spells:

 Spells                   Type           Power      Damage    Failure   Level
 Magic Dart               Conj           100%       1d8       1%          1
 Mephitic Cloud           Conj/Pois/Air  37%        N/A       3%          3
 Call Imp                 Summ           15%        N/A       5%          2
 Flame Wave               Conj/Fire      48%        2d10      5%          4
 Hailstorm                Conj/Ice       48%        3d11      5%          4
 Ice Form                 Ice/Tmut       42%        N/A       8%          4
 Simulacrum               Ice/Necr       7%         N/A       99%         6
 Spellforged Servitor     Conj/Summ      24%        N/A       99%         7
 Infestation              Necr           7%         N/A       100%        8


Dungeon Overview and Level Annotations

Branches:
Dungeon (13/15)            Temple (0/1) D:4            Lair (0/5) D:11
    Orc (0/2) D:9
 Vaults: D:13-14

Altars:
Cheibriados
Yredelemnul

Shops:
D:9 (   D:12 *


Innate Abilities, Weirdness & Mutations

You cannot wear most types of armour.
You are amphibious.
You can wear up to eight rings at the same time.
Your skin changes colour to match your surroundings (Stealth+).
Your rubbery body absorbs attacks. (AC +1, EV +1)
((You are camouflaged when in or above water. (Stealth+)))
You have tentacles for arms and can constrict up to eight enemies at once.
You possess an exceptional clarity of mind.
You expend magic power (3 MP) to strengthen your wands.


Message History

Casting: Stone Arrow (safe; 1% risk of failure)
Confirm with . or Enter, or press ? or * to list all spells.
Aiming: Stone Arrow (safe; 1% risk of failure)
Press: ? - help, Shift-Dir - straight line, f/p - five-headed hydra
Aim: a five-headed hydra (92% to hit)
The stone arrow hits the five-headed hydra!!
The five-headed hydra is moderately wounded.
The five-headed hydra misses you.
The five-headed hydra closely misses you.
The five-headed hydra misses you.
The five-headed hydra completely misses you.
The five-headed hydra bites you!
Casting: Stone Arrow (safe; 1% risk of failure)
Confirm with . or Enter, or press ? or * to list all spells.
Aiming: Stone Arrow (safe; 1% risk of failure)
Press: ? - help, Shift-Dir - straight line, f/p - five-headed hydra
Aim: a five-headed hydra (moderately wounded, 92% to hit)
The stone arrow hits the five-headed hydra!!
The five-headed hydra is severely wounded.
The five-headed hydra bites you!
* * * LOW HITPOINT WARNING * * *
The five-headed hydra bites you.
* * * LOW HITPOINT WARNING * * *
The five-headed hydra misses you.
You block the five-headed hydra's attack.
The five-headed hydra misses you.
Casting: Stone Arrow (safe; 1% risk of failure)
Confirm with . or Enter, or press ? or * to list all spells.
Aiming: Stone Arrow (safe; 1% risk of failure)
Press: ? - help, Shift-Dir - straight line, f/p - five-headed hydra
Aim: a five-headed hydra (severely wounded, 92% to hit)
The stone arrow hits the five-headed hydra!!
The five-headed hydra is almost dead.
The five-headed hydra bites you.
* * * LOW HITPOINT WARNING * * *
The five-headed hydra bites you.
* * * LOW HITPOINT WARNING * * *
You block the five-headed hydra's attack.
The five-headed hydra bites you!
You die...

###### .....###########
...............# ...............#
...............#
...............#########*****
................@D......,,,,*
........................,,,,*****
..#+####................,,,,,,,,,
..#,,,,#................,,,,,,,,,
..#,,,,#................,,,,,,,,,
..#,,,,#............)...*******,,
.##,,,,#...............^* *,,
.#,,,,,#.......#########* **,,
.#,,,,,#.......# *,,,


You could see a five-headed hydra.

Vanquished Creatures
  A hydra (D:11)
  Erica (D:8)
  2 two-headed ogres
  A deep elf zephyrmancer (D:11)
  A deep elf pyromancer (D:11)
  3 cyclopes
  Maurice (D:8)
  5 kobold demonologists
  2 komodo dragons (D:11)
  3 trolls
  A meliai (D:13)
  2 hornets
  Grinder (D:4)
  2 vampires
  A wraith (D:11)
  A wyvern (D:11)
  17 yaks
  A shadow (D:11)
  A basilisk (D:11)
  4 hogs
  A human (D:6)
  A vampire mosquito (D:13)
  A steam dragon (D:11)
  Edmund (D:4)
  2 water moccasins
  6 orc warriors
  Duvessa (D:4)
  A sky beast (D:8)
  A swamp drake (D:11)
  A black bear (D:5)
  2 ice beasts
  An ogre (D:6)
  A centaur (D:9)
  9 kobold brigands
  A bullfrog (D:8)
  A necrophage (D:6)
  2 scorpions
  13 wights
  Dowan (D:4)
  8 killer bees
  11 howler monkeys
  An electric eel (D:7)
  A crimson imp (D:11)
  3 jellies
  Crazy Yiuf (D:4)
  3 hounds (D:5)
  A gnoll bouda (D:7)
  6 orc priests
  An iron imp (D:11)
  Terence (D:3)
  2 iguanas
  8 orc wizards
  A mummy (D:3)
  3 gnolls (D:7)
  6 adders
  A shadow imp (D:11)
  2 white imps
  An ufetubus (D:5)
  4 dart slugs
  23 orcs
  6 endoplasms
  2 giant cockroaches
  7 hobgoblins
  3 jackals (D:2)
  28 kobolds
  3 quokkas
  6 ball pythons
  5 bats
  2 frilled lizards
  6 goblins
  7 rats
261 creatures vanquished.

Vanquished Creatures (others)
  A fungus (D:4)
1 creature vanquished.

Grand Total: 262 creatures vanquished

Notes
Turn   | Place    | Note
-------+----------+-------------------------------------------
     0 | D:1      | Ijustatesigmund the Octopode Earth Elementalist began the
                  | quest for the Orb.
     0 | D:1      | Reached XP level 1. HP: 11/11 MP: 3/3
   319 | D:1      | Reached XP level 2. HP: 17/17 MP: 3/5
   404 | D:1      | Found a faded altar of an unknown god.
   655 | D:1      | Gained mutation: You expend magic power (3 MP) to
                  | strengthen your wands. [potion of mutation]
   655 | D:1      | Gained mutation: You possess an exceptional clarity of
                  | mind. [potion of mutation]
   714 | D:1      | Found Uwour's Magic Scroll Boutique.
   722 | D:1      | Bought a scroll of teleportation for 33 gold pieces
  1092 | D:2      | Reached XP level 3. HP: 21/21 MP: 4/6
  1096 | D:2      | Learned a level 3 spell: Stone Arrow
  1100 | D:2      | Learned a level 2 spell: Passwall
  1352 | D:2      | Identified a scroll of acquirement
  1352 | D:2      | Acquired the ring "Veasawu" {rC+ Str+4 Dex+3 Slay+4}
  1729 | D:3      | Noticed Terence
  1972 | D:3      | Found a snail-covered altar of Cheibriados.
  2082 | D:4      | Found a basalt altar of Yredelemnul.
  2096 | D:4      | Reached skill level 1 in Conjurations
  2096 | D:4      | Reached XP level 4. HP: 27/27 MP: 4/7
  2236 | D:4      | Noticed Grinder
  2357 | D:4      | Noticed Edmund
  2742 | D:3      | Killed Terence
  2909 | D:1      | Bought a scroll of fear for 44 gold pieces
  2909 | D:1      | Bought a scroll of identify for 22 gold pieces
  2909 | D:1      | Bought a scroll of identify for 22 gold pieces
  2909 | D:1      | Bought a scroll of magic mapping for 82 gold pieces
  3343 | D:4      | Found a runed translucent door.
  3344 | D:4      | Noticed Crazy Yiuf
  3351 | D:4      | Killed Crazy Yiuf
  3352 | D:4      | Reached XP level 5. HP: 10/31 MP: 0/9
  3602 | D:4      | Paralysed by Grinder for 4 turns
  3605 | D:4      | Killed Grinder
  3606 | D:4      | Reached XP level 6. HP: 27/36 MP: 2/11
  3910 | D:4      | Found a staircase to the Ecumenical Temple.
  4110 | D:4      | Reached XP level 7. HP: 13/41 MP: 0/12
  4411 | D:4      | Got the Collected Works on Lethal Blasting
  4493 | D:4      | Killed Edmund
  4494 | D:4      | Reached skill level 1 in Fighting
  4952 | D:4      | Noticed Dowan
  5007 | D:5      | Entered Level 5 of the Dungeon
  5279 | D:5      | Reached skill level 5 in Earth Magic
  5426 | D:5      | Reached XP level 8. HP: 50/50 MP: 4/14
  7000 | D:6      | Reached skill level 1 in Shields
  7000 | D:6      | Reached skill level 5 in Conjurations
  7372 | D:6      | Acquired 679 gold pieces
  8049 | D:7      | Reached skill level 5 in Transmutations
  8052 | D:7      | Reached skill level 5 in Spellcasting
  8052 | D:7      | Reached XP level 9. HP: 55/55 MP: 0/16
  9057 | D:7      | Noticed a cyclops
  9060 | D:7      | Killed a cyclops
  9620 | D:4      | Killed Dowan
  9721 | D:4      | Noticed Duvessa
 10204 | D:4      | Killed Duvessa
 10584 | D:8      | Identified the +1 pair of boots "Guulih" {rF+ Regen+}
 10593 | D:8      | Noticed Erica
 10767 | D:8      | Reached XP level 10. HP: 61/61 MP: 2/19
 11205 | D:8      | Killed Erica
 11524 | D:8      | Noticed Maurice
 11534 | D:8      | Killed Maurice
 11535 | D:8      | Reached skill level 5 in Stealth
 11753 | D:1      | Bought a scroll of teleportation for 33 gold pieces
 11753 | D:1      | Bought a scroll of teleportation for 33 gold pieces
 11753 | D:1      | Bought a scroll of teleportation for 33 gold pieces
 11753 | D:1      | Bought a scroll of teleportation for 33 gold pieces
 11753 | D:1      | Bought a scroll of teleportation for 33 gold pieces
 11852 | D:3      | Became a worshipper of Cheibriados the Contemplative
 12197 | D:8      | Reached skill level 1 in Invocations
 12445 | D:8      | Reached * piety under Cheibriados
 13557 | D:9      | Found Geuhefa's Weapon Shoppe.
 13557 | D:9      | Found a staircase to the Orcish Mines.
 13825 | D:9      | Reached ** piety under Cheibriados
 14318 | D:9      | Reached skill level 1 in Maces & Flails
 14594 | D:9      | Reached XP level 11. HP: 68/68 MP: 19/21
 15359 | D:10     | Entered Level 10 of the Dungeon
 16223 | D:10     | Identified the ring of Resout {rF+ rC- Str+3 Dex+3}
 16250 | D:10     | Learned a level 4 spell: Petrify
 16991 | D:11     | Identified the +0 leather armour of Zenuf {rN++}
 17224 | D:11     | Reached *** piety under Cheibriados
 17278 | D:11     | Noticed a cyclops
 17286 | D:11     | Killed a cyclops
 17324 | D:11     | Noticed an eight-headed hydra
 17328 | D:11     | Killed an eight-headed hydra
 17421 | D:11     | Identified the ring "Laitib" {Ice SInv}
 18117 | D:11     | Reached skill level 5 in Fighting
 18225 | D:11     | Noticed a two-headed ogre
 18341 | D:11     | Killed a two-headed ogre
 18782 | D:11     | Reached skill level 5 in Invocations
 18868 | D:11     | Noticed a deep elf pyromancer
 18874 | D:11     | Killed a deep elf pyromancer
 18875 | D:11     | Reached XP level 12. HP: 77/77 MP: 5/23
 18977 | D:11     | Reached **** piety under Cheibriados
 19642 | D:11     | Found a staircase to the Lair.
 20597 | D:12     | Found Lytsufoodd's General Store.
 20611 | D:12     | Bought a potion of curing for 39 gold pieces
 20611 | D:12     | Bought a potion of invisibility for 104 gold pieces
 20728 | D:12     | Noticed a two-headed ogre
 20733 | D:12     | Killed a two-headed ogre
 21282 | D:13     | Noticed a five-headed hydra
 21550 | D:13     | Slain by a five-headed hydra

Illustrated notes

Levels and vault maps discovered:
D:1:      dpeg_arrival_rhombi, layout_basic, serial_shops, shop,
          basic_ecumenical_altar, chequers_decorated_corner,
          hangedman_feature_mirror, chequers_avenue
D:2:      layout_rooms, nicolae_concentric_dashed_squares_mild,
          lemuel_old_faithful
D:3:      layout_loops_ring, slow_altar_1, st_stairs_9, corexii_shack,
          uniq_terence
D:4:      layout_basic, lemuel_round_altar, minmay_temple_entry_crystal_x,
          minmay_fractal_squares_gapless_5, uniq_edmund, uniq_grinder,
          uniq_duvessa, uniq_crazy_yiuf_cottage
D:5:      layout_basic, nicolae_concentric_dashed_squares_wild,
          minmay_misc_feat_secret_circle, kennysheep_minor_cross
D:6:      layout_rooms, chequers_serial_rivers_micro_d, minmay_misc_feat_columns
D:7:      layout_basic, grunt_livestock, minivault_4
D:8:      layout_basic, kennysheep_generic_room_6, uniq_maurice, uniq_erica
D:9:      layout_stronghold, orc_david_3
D:10:     layout_irregular_city, nicolae_sextant
D:11:     layout_stronghold, erik_lair_dragon, hangedman_minor_magic
D:12:     layout_loops_corners, serial_shops, nicolae_shop_waterfront,
          chequers_serial_rivers_micro_d
D:13:     layout_irregular_city, erik_vaults_1, gauntlet_entry_generic,
          minmay_more_statues

Skill      XL: |  1  2  3  4  5  6  7  8  9 10 11 12 |
---------------+-------------------------------------+-----
Transmutations | 2 3 4 5 6 7 |  7.4
Conjurations   | 1 2 3 4 5 6 7 8 9 |  9.0
Spellcasting   | 3 4 5 6 7 8 |  8.2
Earth Magic    | 4 5 7 8 9 |  9.3
Fighting       | 1 2 3 5 |  5.9
Shields        | 2 |  2.3
Dodging        | 3 4 |  4.6
Stealth        | 3 5 |  5.0
Invocations    | 2 5 |  5.9
Maces & Flails | 1 4 |  4.0

Action                   |  1- 3 |  4- 6 |  7- 9 | 10-12 || total
-------------------------+-------+-------+-------+-------++-------
Melee: Unarmed           |     2 |       |       |       ||     2
       Constrict         |     8 |     3 |     3 |    16 ||    30
       Short sword       |    26 |       |       |       ||    26
       Tentacles         |     7 |     3 |     3 |    16 ||    29
       Whip              |       |     7 |     1 |       ||     8
       Flail             |       |       |     7 |    71 ||    78
       Punch             |       |       |       |     1 ||     1
 Cast: Sandblast         |    37 |    32 |    22 |    49 ||   140
       Stone Arrow       |     1 |     9 |    89 |   193 ||   292
       Passwall          |       |       |     2 |     4 ||     6
Invok: Bend Time         |       |       |       |     1 ||     1
       Slouch            |       |       |       |     1 ||     1
Evoke: Wand              |       |       |     2 |     5 ||     7
  Use: Scroll            |     4 |     9 |     5 |    11 ||    29
       Potion            |     1 |     2 |       |     8 ||    11
 Stab: Sleeping          |     7 |     2 |       |     2 ||    11
Armor: Skin              |     5 |     1 |     1 |    60 ||    67
Dodge: Dodged            |    26 |    12 |    26 |    89 ||   153
Block: Other             |     3 |     5 |     3 |       ||    11
       Reflection        |       |     1 |       |    10 ||    11
       Buckler           |       |       |    24 |   129 ||   153

Table legend: (Time is in decaauts)
 A = Elapsed time spent in this place.
 B = Non-inter-level travel time spent in this place.
 C = Inter-level travel time spent in this place.
 D = Time resting spent in this place.
 E = Time spent auto-exploring this place.
 F = Levels seen in this place.
 G = Mean time per level.
                   A        B        C        D        E       F      G
               +--------+--------+--------+--------+--------+-----+--------+
         Total |  23945 |  22604 |   1341 |   8375 |  11782 |  13 | 1841.9 |
       Dungeon |  23945 |  22604 |   1341 |   8375 |  11782 |  13 | 1841.9 |
               +--------+--------+--------+--------+--------+-----+--------+

Top non-repeatable levels by time:
    D:11: 3563 daAuts
     D:8: 3131 daAuts
     D:4: 2948 daAuts
     D:9: 2274 daAuts
    D:12: 2146 daAuts
     D:5: 2024 daAuts
    D:10: 1762 daAuts
     D:3: 1639 daAuts
     D:7: 1558 daAuts
     D:1: 1223 daAuts
     D:6: 912 daAuts
     D:2: 684 daAuts
    D:13: 73 daAuts
